| TOP OF THE 1ST |
|
Mahoning Valley Scrappers batting - Pitching for Idaho Falls Chukars : RHP Justin Potts
|
|
Pitching: RHP Justin Potts
|
|
|
Batting: RHB Kenzo Shinoda
|
0-0: Swinging Strike 0-1: Ball 1-1: Ball 2-1: Foul Ball, location: 2F 2-2: Ball 3-2: Reached on error, E2 (Groundball, 2R, EV 75.0 MPH)
|
|
Batting: RHB John Bianconi
|
0-0: Ball 1-0: Ball Kenzo Shinoda steals 2nd base (no throw) 2-0: Foul Ball, location: 2F 2-1: Swinging Strike 2-2: Foul Ball, location: 2F 2-2: Foul Ball, location: 2F 2-2: Foul Ball, location: 2F 2-2: Strikes out looking
|
|
Batting: LHB Shane Montalvo
|
0-0: Ball 1-0: Foul Ball, location: 2F 1-1: Called Strike 1-2: Ball 2-2: Ball 3-2: Foul Ball, location: 2F 3-2: TRIPLE (Flyball, 78XD, EV 95.6 MPH) Kenzo Shinoda scores
|
|
Batting: LHB Jeff Palmowski
|
0-0: Ball 1-0: Ball 2-0: Ball 3-0: Base on Balls
|
|
Batting: RHB Ricky Cordova
|
0-0: 3-RUN HOME RUN (Flyball, 7D, EV 96.9 MPH), Distance : 377 ft
|
|
Batting: RHB Luis Roman
|
0-0: Ground out U3 (Groundball, 34, EV 106.2 MPH)
|
|
Batting: LHB Esteban Cordova
|
0-0: Ball 1-0: Ball 2-0: SOLO HOME RUN (Flyball, 8RXD, EV 114.4 MPH), Distance : 433 ft
|
|
Batting: RHB Anibal Casteles
|
0-0: Ball 1-0: Swinging Strike 1-1: Ball 2-1: Ball 3-1: Base on Balls
|
|
Batting: SHB Javon Mitchell
|
0-0: Foul Ball, location: 2F 0-1: Fielders Choice at 2nd, 6-4 (Groundball, 56, EV 101.2 MPH)
|
| Top of the 1st over - 5 runs, 3 hits, 1 error, 1 left on base; Mahoning Valley 5 - Idaho Falls 0 |
| BOTTOM OF THE 1ST |
|
Idaho Falls Chukars batting - Pitching for Mahoning Valley Scrappers : LHP Alec Valencia
|
|
Pitching: LHP Alec Valencia
|
|
|
Batting: RHB Tim Persson
|
0-0: Ball 1-0: Foul Ball, location: 2F 1-1: Swinging Strike 1-2: Ball 2-2: Strikes out swinging
|
|
Batting: RHB Kevin Wimberly
|
0-0: Ball 1-0: Ground out 5-3 (Groundball, 56, EV 83.8 MPH)
|
|
Batting: LHB Josh Dalton
|
0-0: Foul Ball, location: 2F 0-1: Foul Ball, location: 2F 0-2: Ball 1-2: Fly out, F8 (Flyball, 8RM, EV 96.9 MPH)
|
| Bottom of the 1st over - 0 runs, 0 hits, 0 errors, 0 left on base; Mahoning Valley 5 - Idaho Falls 0 |
| TOP OF THE 2ND |
|
Mahoning Valley Scrappers batting - Pitching for Idaho Falls Chukars : RHP Justin Potts
|
|
Batting: RHB Kenzo Shinoda
|
0-0: Ball 1-0: Ball 2-0: Foul Ball, location: 2F 2-1: Ball 3-1: Base on Balls
|
|
Pitching: RHP Josh Rutledge
|
|
|
Batting: RHB John Bianconi
|
0-0: Ball Kenzo Shinoda steals 2nd base 1-0: Ball 2-0: Ground out 5-3 (Groundball, 5, EV 75.6 MPH)
|
|
Batting: LHB Shane Montalvo
|
0-0: Ball 1-0: Called Strike 1-1: Foul Ball, location: 2F 1-2: Strikes out swinging
|
|
Batting: LHB Jeff Palmowski
|
0-0: Foul Ball, location: 2F 0-1: Called Strike 0-2: SINGLE (Groundball, P, EV 89.4 MPH) (infield hit) Kenzo Shinoda to third
|
|
Batting: RHB Ricky Cordova
|
0-0: Ball 1-0: Called Strike 1-1: Called Strike 1-2: Foul Ball, location: 2F 1-2: Ball 2-2: Foul Ball, location: 2F 2-2: Ball 3-2: Base on Balls Jeff Palmowski to second
|
|
Pitching: RHP Phil Kellum
|
|
|
Batting: RHB Luis Roman
|
0-0: Ball 1-0: SINGLE (Line Drive, 9LM, EV 112.5 MPH) Kenzo Shinoda scores Jeff Palmowski to third Ricky Cordova to second Runner from 3rd tries for Home, SAFE, throw by RF to home
|
|
Batting: LHB Esteban Cordova
|
0-0: Ball 1-0: Called Strike 1-1: Called Strike 1-2: Foul Ball, location: 2F 1-2: Strikes out swinging
|
| Top of the 2nd over - 2 runs, 2 hits, 0 errors, 2 left on base; Mahoning Valley 7 - Idaho Falls 0 |
| BOTTOM OF THE 2ND |
|
Idaho Falls Chukars batting - Pitching for Mahoning Valley Scrappers : LHP Alec Valencia
|
|
Batting: LHB Randy Stapleton
|
0-0: Ball 1-0: Foul Ball, location: 2F 1-1: Foul Ball, location: 2F 1-2: SOLO HOME RUN (Line Drive, 89XD, EV 105.0 MPH), Distance : 415 ft
|
|
Batting: RHB Chance Argy
|
0-0: Ball 1-0: Ball 2-0: Called Strike 2-1: Foul Ball, location: 2F 2-2: Ball 3-2: Fly out, F9 (Flyball, 89S, EV 83.8 MPH)
|
|
Batting: RHB Justin Goff
|
0-0: Foul Ball, location: 2F 0-1: SINGLE (Groundball, 56D, EV 109.4 MPH)
|
|
Batting: LHB Danny Pacheco
|
0-0: Foul Ball, location: 2F 0-1: Ball 1-1: Foul Ball, location: 2F 1-2: Strikes out looking
|
|
Batting: SHB Marcos Cortez
|
0-0: Ball 1-0: Ball 2-0: Ball 3-0: Base on Balls Justin Goff to second
|
|
Batting: RHB Shane Bruce
|
0-0: SINGLE (Line Drive, 89M, EV 101.9 MPH) Justin Goff to third Marcos Cortez to second Runner from 3rd tries for Home, SAFE, throw by RF to home
|
|
Batting: RHB Tim Persson
|
0-0: Called Strike 0-1: Ball 1-1: Ball 2-1: SINGLE (Line Drive, 4MD, EV 95.0 MPH) Marcos Cortez to third Shane Bruce to second
|
|
Batting: RHB Kevin Wimberly
|
0-0: Ground out 5-3 (Groundball, 25, EV 85.6 MPH)
|
| Bottom of the 2nd over - 2 runs, 4 hits, 0 errors, 3 left on base; Mahoning Valley 7 - Idaho Falls 2 |
| TOP OF THE 3RD |
|
Mahoning Valley Scrappers batting - Pitching for Idaho Falls Chukars : RHP Phil Kellum
|
|
Batting: RHB Anibal Casteles
|
0-0: Swinging Strike 0-1: Ball 1-1: Swinging Strike 1-2: Ball 2-2: Strikes out swinging
|
|
Batting: SHB Javon Mitchell
|
0-0: Ground out 5-3 (Groundball, 56, EV 89.4 MPH)
|
|
Batting: RHB Kenzo Shinoda
|
0-0: Foul Ball, location: 2F 0-1: Ball 1-1: Ball 2-1: Called Strike 2-2: Foul Ball, location: 2F 2-2: Foul Ball, location: 2F 2-2: SINGLE (Groundball, 34S, EV 86.2 MPH) (infield hit)
|
|
Pitching: RHP Mike Galvin
|
|
|
Batting: RHB John Bianconi
|
0-0: Ball 1-0: Called Strike 1-1: Ball Kenzo Shinoda is caught stealing 2nd base 2-4
|
| Top of the 3rd over - 0 runs, 1 hit, 0 errors, 0 left on base; Mahoning Valley 7 - Idaho Falls 2 |
| BOTTOM OF THE 3RD |
|
Idaho Falls Chukars batting - Pitching for Mahoning Valley Scrappers : LHP Alec Valencia
|
|
Batting: LHB Josh Dalton
|
0-0: Ball 1-0: DOUBLE (Flyball, 78XD, EV 95.6 MPH)
|
|
Batting: LHB Randy Stapleton
|
0-0: Called Strike 0-1: Ball 1-1: Called Strike 1-2: Ball 2-2: Ball 3-2: Ground out 4-3 (Groundball, 4, EV 86.9 MPH) Josh Dalton to third
|
|
Batting: RHB Chance Argy
|
0-0: Ball 1-0: Called Strike 1-1: DOUBLE (Groundball, 3L, EV 107.5 MPH) Josh Dalton scores
|
|
Batting: RHB Justin Goff
|
0-0: Called Strike 0-1: Called Strike 0-2: Ball Wild Pitch! Chance Argy to third 1-2: SINGLE (Line Drive, 9LM, EV 101.2 MPH) Chance Argy scores
|
|
Pitching: RHP Ian Nordquist
|
|
|
Batting: LHB Danny Pacheco
|
0-0: Ball 1-0: Swinging Strike 1-1: Ball 2-1: Ball 3-1: Called Strike 3-2: Strikes out swinging
|
|
Batting: SHB Marcos Cortez
|
0-0: Foul Ball, location: 2F 0-1: Ball 1-1: Foul Ball, location: 2F Balk! Justin Goff to second 1-2: TRIPLE (Flyball, 9LD, EV 95.0 MPH) Justin Goff scores
|
|
Batting: RHB Shane Bruce
|
0-0: Called Strike 0-1: Fly out, F4 (Flyball, 4D, EV 83.1 MPH)
|
| Bottom of the 3rd over - 3 runs, 4 hits, 0 errors, 1 left on base; Mahoning Valley 7 - Idaho Falls 5 |
| TOP OF THE 4TH |
|
Mahoning Valley Scrappers batting - Pitching for Idaho Falls Chukars : RHP Mike Galvin
|
|
Batting: RHB John Bianconi
|
0-0: Ball 1-0: Ball 2-0: Called Strike 2-1: Called Strike 2-2: SINGLE (Flyball, 56D, EV 90.6 MPH)
|
|
Batting: LHB Shane Montalvo
|
0-0: Foul Ball, location: 2F 0-1: Foul Ball, location: 2F 0-2: Ball 1-2: Ball 2-2: Foul Ball, location: 2F 2-2: Foul Ball, location: 2F 2-2: Foul Ball, location: 2F 2-2: Ball 3-2: Fielders Choice at 2nd, 5-4 (Groundball, 56, EV 81.2 MPH)
|
|
Batting: LHB Jeff Palmowski
|
0-0: Ball 1-0: Called Strike 1-1: Foul Ball, location: 2F 1-2: Ball 2-2: Strikes out looking
|
|
Pitching: RHP Brett Essary
|
|
|
Batting: RHB Ricky Cordova
|
0-0: Ball 1-0: Called Strike 1-1: Ball 2-1: Swinging Strike 2-2: Ground out 5-3 (Groundball, 56S, EV 90.6 MPH)
|
| Top of the 4th over - 0 runs, 1 hit, 0 errors, 1 left on base; Mahoning Valley 7 - Idaho Falls 5 |
| BOTTOM OF THE 4TH |
|
Idaho Falls Chukars batting - Pitching for Mahoning Valley Scrappers : RHP Ian Nordquist
|
|
Batting: RHB Tim Persson
|
0-0: Called Strike 0-1: SINGLE (Line Drive, 78S, EV 93.1 MPH)
|
|
Batting: RHB Kevin Wimberly
|
0-0: Called Strike 0-1: Called Strike 0-2: Ball 1-2: SINGLE (Groundball, 6MD, EV 105.0 MPH) Tim Persson to second
|
|
Pitching: RHP Chris Cohen
|
|
|
Batting: LHB Josh Dalton
|
0-0: Fielders Choice at 2nd, 6-4 (Groundball, 6M, EV 104.4 MPH) Tim Persson to third
|
|
Batting: LHB Randy Stapleton
|
0-0: Ball 1-0: Called Strike 1-1: Foul Ball, location: 2F 1-2: Ball 2-2: SINGLE (Groundball, 34D, EV 108.1 MPH) Tim Persson scores Josh Dalton to second Runner from 2nd tries for 3rd, SAFE, throw by RF made to third
|
|
Batting: RHB Chance Argy
|
0-0: Ball 1-0: Ball 2-0: Grounds into double play, 5-4-3 (Groundball, 56, EV 86.9 MPH)
|
| Bottom of the 4th over - 1 run, 3 hits, 0 errors, 1 left on base; Mahoning Valley 7 - Idaho Falls 6 |
| TOP OF THE 5TH |
|
Mahoning Valley Scrappers batting - Pitching for Idaho Falls Chukars : RHP Brett Essary
|
|
Batting: RHB Luis Roman
|
0-0: Ball 1-0: Swinging Strike 1-1: Called Strike 1-2: Strikes out swinging
|
|
Batting: LHB Esteban Cordova
|
0-0: Ground out 6-3 (Groundball, 6, EV 104.4 MPH)
|
|
Batting: RHB Anibal Casteles
|
0-0: Ball 1-0: Swinging Strike 1-1: Called Strike 1-2: Strikes out swinging
|
| Top of the 5th over - 0 runs, 0 hits, 0 errors, 0 left on base; Mahoning Valley 7 - Idaho Falls 6 |
| BOTTOM OF THE 5TH |
|
Idaho Falls Chukars batting - Pitching for Mahoning Valley Scrappers : RHP Chris Cohen
|
|
Batting: RHB Justin Goff
|
0-0: Ball 1-0: Ball 2-0: Ground out 5-3 (Groundball, 56S, EV 84.4 MPH)
|
|
Batting: LHB Danny Pacheco
|
0-0: Swinging Strike 0-1: Ball 1-1: Ball 2-1: Ball 3-1: SINGLE (Groundball, 25, EV 70.0 MPH) (infield hit)
|
|
Batting: SHB Marcos Cortez
|
0-0: Called Strike 0-1: SINGLE (Groundball, 4MD, EV 107.5 MPH) (infield hit) Danny Pacheco to second
|
|
Batting: RHB Shane Bruce
|
0-0: Ball 1-0: Fly out, F4 (Flyball, 34D, EV 86.9 MPH)
|
|
Batting: RHB Tim Persson
|
0-0: Ball 1-0: Ball 2-0: Ball 3-0: Base on Balls Danny Pacheco to third Marcos Cortez to second
|
|
Batting: RHB Kevin Wimberly
|
0-0: Called Strike 0-1: Foul Ball, location: 2F 0-2: Ball 1-2: Foul Ball, location: 2F 1-2: SINGLE (Groundball, 4MD, EV 100.0 MPH) Danny Pacheco scores Marcos Cortez to third Tim Persson to second Runner from 3rd tries for Home, SAFE, throw by CF to home
|
|
Batting: LHB Josh Dalton
|
0-0: Foul Ball, location: 2F 0-1: Ball 1-1: Ball 2-1: 3-RUN HOME RUN (Flyball, 9D, EV 106.2 MPH), Distance : 381 ft
|
|
Batting: LHB Randy Stapleton
|
0-0: Ball 1-0: Foul Ball, location: 2F 1-1: Foul Ball, location: 2F 1-2: Ball 2-2: DOUBLE (Line Drive, 78M, EV 100.6 MPH)
|
|
Batting: RHB Chance Argy
|
0-0: SINGLE (Line Drive, 8LS, EV 102.5 MPH) Randy Stapleton to third Runner from 3rd tries for Home, SAFE, throw by CF to home Chance Argy to second
|
|
Batting: RHB Justin Goff
|
0-0: SINGLE (Groundball, 6D, EV 105.0 MPH) Chance Argy to third
|
|
Batting: LHB Danny Pacheco
|
0-0: Foul Ball, location: 2F 0-1: Ball 1-1: Ball 2-1: Ball 3-1: Base on Balls Justin Goff to second
|
|
Batting: SHB Marcos Cortez
|
0-0: Ball 1-0: GRAND SLAM HOME RUN (Flyball, 9D, EV 100.0 MPH), Distance : 388 ft
|
|
Pitching: LHP Jordan Leon
|
|
|
Batting: RHB Shane Bruce
|
0-0: Ball 1-0: Swinging Strike 1-1: Called Strike 1-2: Ball 2-2: SINGLE (Groundball, 4D, EV 97.5 MPH)
|
|
Batting: RHB Tim Persson
|
0-0: Called Strike 0-1: Ball 1-1: Foul Ball, location: 2F 1-2: Strikes out swinging
|
| Bottom of the 5th over - 10 runs, 9 hits, 0 errors, 1 left on base; Mahoning Valley 7 - Idaho Falls 16 |
| TOP OF THE 6TH |
|
Mahoning Valley Scrappers batting - Pitching for Idaho Falls Chukars : RHP Brett Essary
|
|
Batting: SHB Javon Mitchell
|
0-0: Called Strike 0-1: Foul Ball, location: 2F 0-2: Strikes out looking
|
|
Batting: RHB Kenzo Shinoda
|
0-0: Ball 1-0: Swinging Strike 1-1: Foul Ball, location: 2F 1-2: Ball 2-2: SINGLE (Groundball, 6MD, EV 97.5 MPH)
|
|
Pitching: RHP Kevin Tumbleson
|
|
|
Batting: RHB John Bianconi
|
0-0: Ball Wild Pitch! Kenzo Shinoda to second 1-0: SINGLE (Line Drive, 7S, EV 98.8 MPH) Kenzo Shinoda to third Runner from 3rd tries for Home, throw by LF and OUT! 7-2
|
|
Batting: LHB Shane Montalvo
|
0-0: Swinging Strike 0-1: Ball 1-1: Ground out 1-3 (Groundball, P, EV 73.1 MPH)
|
| Top of the 6th over - 0 runs, 2 hits, 0 errors, 1 left on base; Mahoning Valley 7 - Idaho Falls 16 |
| BOTTOM OF THE 6TH |
|
Idaho Falls Chukars batting - Pitching for Mahoning Valley Scrappers : LHP Jordan Leon
|
|
Batting: RHB Kevin Wimberly
|
0-0: Called Strike 0-1: Foul Ball, location: 2F 0-2: Strikes out swinging
|
|
Batting: LHB Josh Dalton
|
0-0: Ball 1-0: Ball 2-0: Reached on error, E4 (Groundball, 4, EV 90.0 MPH)
|
|
Batting: LHB Randy Stapleton
|
0-0: Ball 1-0: Ball 2-0: Foul Ball, location: 2F 2-1: Swinging Strike 2-2: Strikes out swinging
|
|
Batting: RHB Chance Argy
|
0-0: Swinging Strike 0-1: Foul Ball, location: 2F 0-2: Ball 1-2: Foul Ball, location: 2F 1-2: Foul Ball, location: 2F 1-2: SINGLE (Flyball, 7LS, EV 88.8 MPH) Josh Dalton to third Runner from 3rd tries for Home, SAFE, throw by LF to home
|
|
Batting: RHB Justin Goff
|
0-0: Ball 1-0: Foul Ball, location: 2F 1-1: Fielders Choice at 2nd, 6-4 (Groundball, 6, EV 81.2 MPH)
|
| Bottom of the 6th over - 1 run, 1 hit, 1 error, 1 left on base; Mahoning Valley 7 - Idaho Falls 17 |
| TOP OF THE 7TH |
|
Mahoning Valley Scrappers batting - Pitching for Idaho Falls Chukars : RHP Kevin Tumbleson
|
|
Pinch Hitting: LHB Ubbe de Bruin
|
0-0: Called Strike 0-1: Ball 1-1: Foul Ball, location: 2F 1-2: Foul Ball, location: 2F 1-2: Foul Ball, location: 2F 1-2: Strikes out swinging
|
|
Batting: RHB Ricky Cordova
|
0-0: Ball 1-0: Ground out 6-3 (Groundball, 6, EV 85.0 MPH)
|
|
Pinch Hitting: RHB Juan Gallardo
|
0-0: Ball 1-0: Ball 2-0: Ball 3-0: Base on Balls
|
|
Batting: LHB Esteban Cordova
|
0-0: Ball 1-0: Foul Ball, location: 2F 1-1: Hit by Pitch Juan Gallardo to second
|
|
Pitching: RHP Bryan Kiefer
|
|
|
Batting: RHB Anibal Casteles
|
0-0: Called Strike 0-1: Ground out 1-3 (Groundball, 25, EV 66.2 MPH)
|
| Top of the 7th over - 0 runs, 0 hits, 0 errors, 2 left on base; Mahoning Valley 7 - Idaho Falls 17 |
| BOTTOM OF THE 7TH |
|
Idaho Falls Chukars batting - Pitching for Mahoning Valley Scrappers : LHP Jordan Leon
|
|
Now at 1B: Juan Gallardo
|
|
|
Now in LF: Ubbe de Bruin
|
|
|
Now in RF: Shane Montalvo
|
|
|
Batting: LHB Danny Pacheco
|
0-0: Ball 1-0: Ball 2-0: Ball 3-0: Base on Balls
|
|
Batting: SHB Marcos Cortez
|
0-0: Swinging Strike 0-1: Ball 1-1: Called Strike 1-2: Fly out, F8 (Flyball, 78M, EV 89.4 MPH)
|
|
Batting: RHB Shane Bruce
|
0-0: Called Strike 0-1: Ball 1-1: Ball 2-1: Foul Ball, location: 2F 2-2: Foul Ball, location: 2F 2-2: Ball 3-2: Strikes out swinging
|
|
Batting: RHB Tim Persson
|
0-0: Foul Ball, location: 2F 0-1: Ball 1-1: Called Strike 1-2: Strikes out looking
|
| Bottom of the 7th over - 0 runs, 0 hits, 0 errors, 1 left on base; Mahoning Valley 7 - Idaho Falls 17 |
| TOP OF THE 8TH |
|
Mahoning Valley Scrappers batting - Pitching for Idaho Falls Chukars : RHP Bryan Kiefer
|
|
Batting: SHB Javon Mitchell
|
0-0: Ball 1-0: Called Strike 1-1: Called Strike 1-2: Ball 2-2: SINGLE (Groundball, 3S, EV 71.2 MPH) (infield hit)
|
|
Batting: RHB Kenzo Shinoda
|
0-0: Called Strike 0-1: Ball Wild Pitch! Javon Mitchell to second 1-1: Called Strike 1-2: Ball 2-2: Foul Ball, location: 2F 2-2: Strikes out looking
|
|
Pinch Hitting: LHB Chris Morgan
|
0-0: Ball 1-0: Ball 2-0: Called Strike 2-1: Swinging Strike 2-2: Strikes out swinging
|
|
Pitching: RHP Ian Current
|
|
|
Batting: LHB Shane Montalvo
|
0-0: Ball 1-0: Ball 2-0: Foul Ball, location: 2F 2-1: Ball 3-1: Foul Ball, location: 2F 3-2: Strikes out looking
|
| Top of the 8th over - 0 runs, 1 hit, 0 errors, 1 left on base; Mahoning Valley 7 - Idaho Falls 17 |
| BOTTOM OF THE 8TH |
|
Idaho Falls Chukars batting - Pitching for Mahoning Valley Scrappers : LHP Jordan Leon
|
|
Now at 3B: Ighlas Mwara
|
|
|
Batting: RHB Kevin Wimberly
|
0-0: Ball 1-0: Fly out, F3 (Popup, 3S, EV 78.1 MPH)
|
|
Batting: LHB Josh Dalton
|
0-0: Called Strike 0-1: Foul Ball, location: 2F 0-2: Ground out U3 (Groundball, 34S, EV 68.8 MPH)
|
|
Pitching: RHP Andy Lewis
|
|
|
Batting: LHB Randy Stapleton
|
0-0: Foul Ball, location: 2F 0-1: Foul Ball, location: 2F 0-2: Ball 1-2: Ground out 6-3 (Groundball, 6, EV 88.1 MPH)
|
| Bottom of the 8th over - 0 runs, 0 hits, 0 errors, 0 left on base; Mahoning Valley 7 - Idaho Falls 17 |
| TOP OF THE 9TH |
|
Mahoning Valley Scrappers batting - Pitching for Idaho Falls Chukars : RHP Ian Current
|
|
Batting: LHB Ubbe de Bruin
|
0-0: Ball 1-0: Foul Ball, location: 2F 1-1: Ball 2-1: Ball 3-1: Base on Balls
|
|
Pinch Hitting: RHB Mike Persinger
|
0-0: Ball 1-0: SINGLE (Groundball, 34D, EV 95.0 MPH) Ubbe de Bruin to second
|
|
Batting: RHB Juan Gallardo
|
0-0: Called Strike 0-1: Grounds into double play, 5-4-3 (Groundball, 56, EV 106.9 MPH) Ubbe de Bruin to third
|
|
Batting: LHB Esteban Cordova
|
0-0: Ball 1-0: Called Strike 1-1: Foul Ball, location: 2F 1-2: Foul Ball, location: 2F 1-2: Ball 2-2: Foul Ball, location: 2F 2-2: Ball 3-2: Strikes out swinging
|
| Top of the 9th over - 0 runs, 1 hit, 0 errors, 1 left on base; Mahoning Valley 7 - Idaho Falls 17 |
|